[Event "Team 45 45 League T23"]
[Site "Free Internet Chess Server"]
[Date "2004.07.18"]
[Round "6"]
[White "ktwag"]
[Black "reck"]
[Result "1-0"]
[WhiteElo "1870"]
[BlackElo "1801"]
[TimeControl "2700+45"]

1. e4 c5 2. Nf3 Nc6 3. Bb5 a6 4. Bxc6 bxc6 5. O-O Nf6 6. Re1 d5 7. e5 Nd7 8. e6 fxe6 9. Rxe6 Nf6 10. Re1 Bg4 11. h3 Bh5 12. d3 Qd7 13. Nbd2 h6 14. c3 g5 15. Qa4 Rc8 16. Qxa6 Bg7 17. Ne5 Qc7 18. Nb3 O-O 19. Nxc5 Qd6 20. d4 g4 21. h4 Ne4 22. Nxe4 dxe4 23. Qc4+ Kh8 24. Rxe4 Qf6 25. Qe2 Qxh4 26. Nxg4 Bg6 27. g3 Bxe4 28. gxh4 Bf6 29. Nxf6   {Black resigns} 1-0

[Event "Team 45 45 League T23"]
[Site "Free Internet Chess Server"]
[Date "2004.07.17"]
[Round "6"]
[White "TrondTumyr"]
[Black "Lofoten"]
[Result "1-0"]
[WhiteElo "1737"]
[BlackElo "1763"]
[TimeControl "2700+45"]

1. e4 e5 2. Nf3 Nc6 3. Bb5 a6 4. Ba4 Nf6 5. O-O Be7 6. Re1 b5 7. Bb3 O-O 8. c3 d6 9. h3 Bb7 10. d4 Re8 11. Nbd2 Bf8 12. d5 Nb8 13. Nf1 Nbd7 14. Ng3 g6 15. Bd2 Nc5 16. Bc2 Bg7 17. Qc1 Rf8 18. Nh2 Qd7 19. Re3 Bh6 20. Rf3 Bxd2 21. Qxd2 Kg7 22. Qg5 Ng8 23. Nh5+ Kh8 24. Nf6 Qe7 25. Nhg4 h5 26. Re1 Bc8 27. Nh6 Nxf6 28. Rxf6 Qd8 29. Nxf7+ Rxf7 30. Qh6+ Kg8 31. Qxg6+ Rg7 32. Qh6 Qe8 33. Re3 Rh7 34. Rg3+ Kh8 35. Rf8+   {Black resigns} 1-0

[Event "Team 45 45 League T23"]
[Site "Free Internet Chess Server"]
[Date "2004.07.14"]
[Round "6"]
[White "twinders"]
[Black "MattBinMi"]
[Result "1-0"]
[WhiteElo "1683"]
[BlackElo "1578"]
[TimeControl "2700+45"]

1. d4 d5 2. Bf4 e6 3. Nf3 c5 4. c3 Nc6 5. b3 Nf6 6. e3 cxd4 7. exd4 Be7 8. Bd3 O-O 9. Qc2 Ne4 10. Bxe4 dxe4 11. Qxe4 f5 12. Qe2 Bf6 13. O-O Qd5 14. Ne5 b6 15. Re1 Bb7 16. Nxc6 Bxc6 17. Qxe6+ Qxe6 18. Rxe6 Rae8 19. Rxe8 Rxe8 20. Nd2 g5 21. Bd6 Re2 22. Rd1 g4 23. Bf4 h5 24. Kf1 Re8 25. Nc4 Re2 26. Kxe2 Bxg2 27. Be5 Bf3+ 28. Ke1 Bxd1 29. Kxd1 Bg5 30. Ke2 f4 31. f3 Kf7 32. Nd2 Ke6 33. c4 Kf5 34. b4 g3 35. hxg3 fxg3 36. Bxg3 h4 37. Bb8 Bf4 38. Bxf4 Kxf4 39. Kf2 h3 40. Nf1   {Black resigns} 1-0

[Event "Team 45 45 League T23"]
[Site "Free Internet Chess Server"]
[Date "2004.07.16"]
[Round "6"]
[White "Jabo"]
[Black "KlassAct"]
[Result "0-1"]
[WhiteElo "1398"]
[BlackElo "1456"]
[TimeControl "2700+45"]

1. e4 e5 2. Nf3 Nc6 3. Bc4 Bc5 4. c3 Nf6 5. d4 exd4 6. cxd4 Bb4+ 7. Bd2 Nxe4 8. Qe2 O-O 9. O-O Nxd2 10. Nbxd2 d5 11. Bd3 Bg4 12. Nb3 Qf6 13. a3 Bxf3 14. Qxf3 Qxf3 15. gxf3 Bd6 16. Rfe1 Rfe8 17. Re2 Rxe2 18. Bxe2 Re8 19. Bd3 f6 20. Bf5 b6 21. Bd7 Re2 22. Bxc6 Rxb2 23. Bxd5+ Kf8 24. Nc1 Rd2 25. Nb3 Re2 26. Be4 h6 27. d5 a5 28. Nd4 Rb2 29. a4 Kf7 30. Rc1 Bc5 31. Nc2 Ra2 32. Ra1 Rb2 33. Kg2 g6 34. Ne3 Bxe3 35. Rf1 Bc5 36. f4 Rb4 37. Re1 Rxa4 38. f5 g5 39. Bc2 Rf4 40. Re2 Kf8 41. f3 a4 42. Re6 Kg7 43. Re4 Rxe4 44. fxe4 a3 45. Bb3 b5 46. Kf3 b4 47. Kg4 Bd4 48. h4 Be5 49. hxg5 hxg5 50. Kh5 Bf4 51. Ba2 Kf7 52. Bb3 Ke7 53. Kg4 Kd6 54. Kf3 Kc5 55. e5 Bxe5 56. Ke4 g4 57. Ke3 g3 58. Kf3 Kd4 59. Kg2 Kc3 60. Ba2 b3 61. Bxb3 Kxb3   {White resigns} 0-1

[Event "Team 45 45 League T23"]
[Site "Free Internet Chess Server"]
[Date "2004.07.18"]
[Round "6"]
[White "raven"]
[Black "kethury"]
[Result "1-0"]
[WhiteElo "2272"]
[BlackElo "2106"]
[TimeControl "2700+45"]

1. e4 c5 2. Nc3 d6 3. f4 Nc6 4. Nf3 Bg4 5. Bb5 Nf6 6. O-O a6 7. Bxc6+ bxc6 8. h3 Bd7 9. d3 e6 10. e5 Nd5 11. Ne4 dxe5 12. fxe5 Be7 13. c4 f5 14. cxd5 fxe4 15. d6 exf3 16. Qxf3 Bf6 17. exf6 Qxf6 18. Qh5+ g6 19. Qxc5 Qg7 20. Bg5 Rf8 21. Rxf8+ Kxf8 22. Rf1+ Kg8 23. Bf6 Qh6 24. Bc3 Rf8 25. Qe5 Rxf1+ 26. Kxf1 Qf8+ 27. Ke2 Kf7 28. g4 Ke8 29. Bd2 h6 30. Bf4 g5 31. Bg3 Kf7 32. Qe4 Kg8 33. Be5 Qf7 34. Qa4 Bc8 35. Qxc6 Bb7 36. Qc5 Qf3+ 37. Kd2 Qg2+ 38. Kc3 Qc6 39. Qxc6 Bxc6 40. Kd4 Kf7 41. Kc5 Bb5 42. Kb6 Ke8 43. Kc7 Bd7 44. Bg7   {Black resigns} 1-0

[Event "Team 45 45 League T23"]
[Site "Free Internet Chess Server"]
[Date "2004.07.18"]
[Round "6"]
[White "thxgg"]
[Black "Bobbysch"]
[Result "0-1"]
[WhiteElo "1960"]
[BlackElo "2078"]
[TimeControl "2700+45"]

1. d4 Nf6 2. c4 d6 3. Nc3 g6 4. e4 Bg7 5. f4 O-O 6. Nf3 c5 7. Be2 cxd4 8. Nxd4 Nc6 9. Be3 Ng4 10. Nxc6 Nxe3 11. Nxd8 Nxd1 12. Nxd1 Rxd8 13. Rc1 Bd7 14. Nc3 Bd4 15. Bd3 Be3 16. Rc2 Bxf4 17. Nd5 Bg5 18. h4 Bf6 19. Nxf6+ exf6 20. h5 Re8 21. Kf2 Re5 22. h6 Bc6 23. Re2 Rae8 24. Rh4 a6 25. Rf4 R8e6 26. g4 Kf8 27. Bc2 d5 28. c5 dxe4 29. Bb3 g5 30. Bxe6 gxf4 31. Bf5 e3+ 32. Ke1 f3 33. Rc2 f2+ 34. Kf1 Bb5+ 35. Re2 Bxe2+ 36. Kxe2 Rxf5 37. gxf5 Ke7 38. b4 Kd7 39. a3 Kc6 40. a4 a5   {White resigns} 0-1

[Event "Team 45 45 League T23"]
[Site "Free Internet Chess Server"]
[Date "2004.07.17"]
[Round "6"]
[White "Epsi"]
[Black "JDFitzpat"]
[Result "0-1"]
[WhiteElo "1812"]
[BlackElo "1874"]
[TimeControl "2700+45"]

1. e4 Nf6 2. e5 Nd5 3. d4 d6 4. Nf3 Bg4 5. Be2 e6 6. c4 Nb6 7. O-O Be7 8. Bf4 Nc6 9. exd6 cxd6 10. Nbd2 O-O 11. Bg3 d5 12. c5 Nd7 13. Nb3 Re8 14. Re1 Bf6 15. Ne5 Bxe2 16. Qxe2 Ncxe5 17. dxe5 Be7 18. Rac1 Rc8 19. Qb5 Qc7 20. Nd4 a6 21. Qe2 Nb8 22. Rc2 Qa5 23. a3 Qa4 24. b4 Qxa3 25. Qd2 Qa4 26. f4 Nc6 27. Ra2 Qxb4 28. Nxc6 Bxc5+ 29. Nd4 Qxd4+ 30. Qxd4 Bxd4+ 31. Bf2 Bxf2+ 32. Kxf2 Rc4 33. g3 Rec8 34. Ree2 R8c6 35. Reb2 b5 36. Ra5 Rc2+ 37. Rxc2 Rxc2+ 38. Ke3 Rxh2 39. Rxa6 h6 40. Rb6 Rb2 41. Rb8+ Kh7 42. Rb7 Kg6 43. Kf3 h5 44. Ke3 Rb3+ 45. Kf2 b4 46. Rb6 Rb2+ 47. Kf3 b3 48. g4 h4 49. f5+ Kg5 50. fxe6 fxe6 51. Rxe6 h3 52. Re8 Rc2   {White resigns} 0-1

[Event "Team 45 45 League T23"]
[Site "Free Internet Chess Server"]
[Date "2004.07.19"]
[Round "6"]
[White "mandragora"]
[Black "Atreus"]
[Result "1/2-1/2"]
[WhiteElo "1826"]
[BlackElo "1759"]
[TimeControl "2700+45"]

1. e4 e5 2. Nf3 Nc6 3. Bb5 f5 4. Nc3 fxe4 5. Nxe4 d5 6. Nxe5 dxe4 7. Nxc6 Qg5 8. Qe2 Nf6 9. f4 Qxf4 10. Nxa7+ c6 11. Nxc6 Bd7 12. Nd4 O-O-O 13. Bxd7+ Rxd7 14. Ne6 Qh4+ 15. g3 Qh3 16. Nf4 Qf5 17. b3 e3 18. Qc4+ Rc7 19. Qe6+ Qxe6 20. Nxe6 Rxc2 21. Nxf8 exd2+ 22. Bxd2 Rxf8 23. Rc1 Rxc1+ 24. Bxc1 Ne4 25. Be3   {Game drawn by mutual agreement} 1/2-1/2

[Event "Team 45 45 League T23"]
[Site "Free Internet Chess Server"]
[Date "2004.07.18"]
[Round "6"]
[White "TGV"]
[Black "Louro"]
[Result "1/2-1/2"]
[WhiteElo "1755"]
[BlackElo "1775"]
[TimeControl "2700+45"]

1. d4 Nf6 2. c4 g6 3. Nc3 d5 4. cxd5 Nxd5 5. e4 Nxc3 6. bxc3 Bg7 7. Bc4 c5 8. Qf3 O-O 9. Ne2 Nc6 10. O-O cxd4 11. cxd4 Nxd4 12. Nxd4 Qxd4 13. Qb3 e6 14. Ba3 Qf6 15. Bxf8 Bxf8 16. Rad1 Bc5 17. Qb5 Qe7 18. Kh1 a6 19. Qa4 Rb8 20. Qb3 b5 21. Be2 Bb7 22. f3 Qh4 23. Rd7 Bf2 24. Rfd1 Bg3 25. h3 Be5 26. Qe3 Qg3 27. Kg1 Qh2+ 28. Kf1 Qh1+ 29. Kf2 Qh2 30. Qh6 Bg3+ 31. Ke3 Bc7 32. Qg5 Bb6+ 33. Kd3 Bc6 34. Kc2 Bxd7 35. Rxd7 Qg1 36. Qe7 Qc5+ 37. Qxc5 Bxc5 38. Rc7 Bb6 39. Rc6 Kf8 40. a4 b4 41. Bxa6 Bd8 42. Kb3 Bf6 43. Rc8+ Rxc8 44. Bxc8 Be7 45. a5 Ke8 46. a6 Bc5 47. a7 Bxa7 48. Kxb4 Ke7   {Game drawn by mutual agreement} 1/2-1/2

[Event "Team 45 45 League T23"]
[Site "Free Internet Chess Server"]
[Date "2004.07.19"]
[Round "6"]
[White "adingod"]
[Black "Nervy"]
[Result "1-0"]
[WhiteElo "1932"]
[BlackElo "1601"]
[TimeControl "2700+45"]

1. d4 Nf6 2. Nf3 c5 3. e3 d6 4. Be2 Nbd7 5. O-O g6 6. Nbd2 Bg7 7. c3 O-O 8. e4 Re8 9. Bb5 a6 10. Bd3 b5 11. e5 dxe5 12. dxe5 Ng4 13. Be4 Rb8 14. e6 fxe6 15. Qe2 Nde5 16. h3 Nxf3+ 17. Nxf3 Nf6 18. Bf4 Rb6 19. Rad1 Bd7 20. Ne5 Nd5 21. Bxd5 Bxe5 22. Qxe5 Rf8 23. Bf3 Rf5 24. Qc7 Qxc7 25. Bxc7 Bc6 26. Bxb6 Bxf3 27. gxf3 Rxf3 28. Kg2   {Black resigns} 1-0